 Dungeon Crawl Stone Soup version 0.24.0-13-gcf9b319 (webtiles) character file.

Game seed: 4319297710914377611, levelgen mode: deterministic

26 Bronimir the Firebug (level 3, -4/32 HPs)
             Began as an Ogre Fire Elementalist on May 9, 2020.
             Slain by an orc warrior
             ... wielding a +0 mace
              (19 damage)
             ... on level 1 of the Dungeon on May 16, 2020.
             The game lasted 00:05:16 (1379 turns).

Bronimir the Firebug (Ogre Fire Elementalist)       Turns: 1379, Time: 00:05:16

Health: -4/32      AC:  3    Str: 12    XL:     3   Next: 8%
Magic:  7/7        EV: 10    Int: 17    God:
Gold:   59         SH:  0    Dex:  9    Spells: 1/7 levels left

rFire    . . .     SeeInvis .   b - +0 club
rCold    . . .     Gourm    .   (no shield)
rNeg     . . .     Faith    .   a - +0 robe
rPois    .         Spirit   .   (helmet restricted)
rElec    .         Reflect  .   (no cloak)
rCorr    .         Harm     .   (gloves unavailable)
MR       .....                  (boots unavailable)
Stlth    +.........             (no amulet)
HPRegen  0.10/turn              f - ring of flight
MPRegen  0.10/turn              (no ring)

@: no status effects
A: large, unfitting armour, tough skin 1
a: Evoke Flight


You were on level 1 of the Dungeon.
You were hungry.

You visited 1 branch of the dungeon, and saw 2 of its levels.

You collected 59 gold pieces.

Inventory:

Hand Weapons
 b - a +0 club (weapon)
Armour
 a - a +0 robe (worn)
Jewellery
 f - a ring of flight (left hand)
Scrolls
 h - a scroll of magic mapping {unknown}
 j - a scroll of enchant armour {unknown}
Potions
 d - 2 potions of brilliance {unknown}
 e - 2 potions of lignification {unknown}
 g - a potion of heal wounds {unknown}
 i - a potion of degeneration {unknown}
Comestibles
 c - 2 rations


   Skills:
 * Level 0.4 Fighting
 * Level 2.0 Dodging
 - Level 1.4 Stealth
 * Level 2.7 Spellcasting
 * Level 1.6 Conjurations
 * Level 3.0 Fire Magic


You had one spell level left.
You knew the following spells:

 Your Spells              Type           Power        Failure   Level  Hunger
a - Flame Tongue          Conj/Fire      ##...        7%          1    #......
b - Throw Flame           Conj/Fire      ##....       11%         2    ##.....
c - Conjure Flame         Conj/Fire      ##......     21%         3    ###....

Your spell library contained the following spells:

 Spells                   Type           Power        Failure   Level  Hunger
 Inner Flame              Hex/Fire       #.......     28%         3    ###....
 Sticky Flame             Conj/Fire      ##......     56%         4    #####..
 Fireball                 Conj/Fire      ##........   88%         5    ######.


Dungeon Overview and Level Annotations

Branches:
Dungeon (2/15)

Altars:


Innate Abilities, Weirdness & Mutations

You are too large for most types of armour.
You have tough skin. (AC +1)


Message History

You climb downwards.
The orc warrior barely misses you. The kobold barely misses you.
The dart slug bites you but does no damage.
There is a stone staircase leading up here.
You are feeling hungry.
The giant cockroach bites you. The orc hits you with a +0 club.
The kobold hits you but does no damage.
The orc warrior hits you with a +0 mace!
You climb upwards.
There is a stone staircase leading down, spattered with blood here.
The giant cockroach misses you. The orc hits you with a +0 club.
The kobold closely misses you. The orc closely misses you.
The giant cockroach bites you but does no damage.
The kobold hits you but does no damage. The kobold hits you with a +0 dagger.
The dart slug barely misses you.
The orc warrior hits you with a +0 mace!!
Ouch! That really hurt!
You die...

..........#
#.##.##.#####'##'##..
..........# #.##..#.#
#.##..... .≈≈≈......#
#.###.#.# #.##.....
≈≈≈≈≈.....# #.# #...#
#.#...... ##≈#####..# #.#
##..# #.##..... #≈≈# #..#
#.# #÷.#####.##..... ≈###
######'#####>).....##.....
≈
#####......s...######.....
#...'....@ow...# #.....
#####.....oK...# ##.....
#..........# #......
#..........# #...... ##
#..........# #...... .#
#..........# #.....# .#
############ #.....# .#
#.....# .# #....##


You could see an orc warrior, a dart slug, an orc, a giant cockroach and a
kobold.

Vanquished Creatures
  An adder (D:1)
  A dart slug (D:1)
  An orc (D:1)
  A goblin (D:1)
  5 hobgoblins (D:1)
  A bat (D:1)
  3 kobolds
  2 rats (D:1)
15 creatures vanquished.

Notes
Turn   | Place    | Note
-------+----------+-------------------------------------------
     0 | D:1      | Bronimir the Ogre Fire Elementalist began the quest for the
                  | Orb.
     0 | D:1      | Reached XP level 1. HP: 16/16 MP: 3/3
   108 | D:1      | Reached skill level 1 in Conjurations
   126 | D:1      | Reached XP level 2. HP: 7/24 MP: 0/5
  1082 | D:2      | Noticed an orc warrior
  1096 | D:1      | Reached skill level 3 in Fire Magic
  1096 | D:1      | Reached XP level 3. HP: 12/32 MP: 1/7
  1365 | D:1      | Learned a level 2 spell: Throw Flame
  1369 | D:1      | Learned a level 3 spell: Conjure Flame
  1379 | D:1      | Slain by an orc warrior

Levels and vault maps discovered:
D:1:      kennysheep_arrival_seaside, layout_basic, lemuel_another_geyser
D:2:      layout_basic, minmay_pentomino_o4

Skill      XL: |  1  2 |
---------------+-------+-----
Conjurations   | 1 |  1.6
Dodging        | 2 |  2.0
Fire Magic     | 3 |  3.0
Fighting       | |  0.4
Stealth        | |  1.4
Spellcasting   | |  2.7

Action                   || total
-------------------------++-------
Melee: Club              ||    22
 Cast: Flame Tongue      ||    17
 Stab: Sleeping          ||     1
  Eat: Chunk             ||     1
Armor: Robe              ||    15
Dodge: Dodged            ||    23
